 Dungeon Crawl Stone Soup version 0.18.1-48-g4cf74bf (webtiles) character file.

256 tyranidshit the Grave Robber (level 5, -1/42 HPs)
             Began as a Deep Dwarf Necromancer on July 8, 2016.
             Slain by junkhipster's ghost (9 damage)
             ... on level 6 of the Dungeon.
             The game lasted 00:25:20 (3173 turns).

tyranidshit the Grave Robber (DDNe)                 Turns: 3173, Time: 00:25:21

Health: -1/42      AC:  6    Str: 11    XL:     5   Next: 92%
Magic:  7/9        EV: 11    Int: 17    God:
Gold:   32         SH:  0    Dex: 21    Spells: 2 memorised, 6 levels left

rFire  . . .     SeeInvis .     m - +0 short sword (curse)
rCold  + . .     Gourm    .     s - +0 ring mail "Odurikil" {*Confuse rC+ Regen+ Dex+3} (curse)
rNeg   . . .     Faith    .     (no shield)
rPois  .         Spirit   .     (no helmet)
rElec  .         Dismiss  .     (no cloak)
rCorr  .         Reflect  .     q - +0 pair of gloves
SustAt .         Harm     .     (no boots)
MR     .....                    (no amulet)
Stlth  +.........               d - +5 ring of dexterity
                                k - ring of loudness (curse)

@: non-regenerating, not resistant to hostile enchantments, very unstealthy
A: damage resistance, recharge devices, sense surroundings 1, slow regeneration
3
a: Device Recharging


You were on level 6 of the Dungeon.
You were not hungry.

You visited 2 branches of the dungeon, and saw 7 of its levels.

You collected 148 gold pieces.
You spent 116 gold pieces at shops.

Inventory:

Hand Weapons
 e - a +0 dagger
 h - a +0 hand axe
 m - a cursed +0 short sword (weapon)
 r - a +0 falchion
 v - a +2 quarterstaff of crushing
Armour
 a - a +0 robe
 f - a +1 leather armour
 q - a +0 pair of gloves (worn)
 s - the cursed +0 ring mail "Odurikil" (worn) {*Confuse rC+ Regen+ Dex+3}
   (You found it on level 4 of the Dungeon)

   It affects your dexterity (+3).
   It protects you from cold.
   It increases your rate of regeneration.
   It may confuse you when you take damage.
   It has a curse placed upon it.
Jewellery
 d - a +5 ring of dexterity (right hand)
 k - a cursed ring of loudness (left hand)
Wands
 c - a wand of heal wounds (2/9)
Scrolls
 y - a scroll of torment
Potions
 g - a potion of flight
 l - a potion of might {unknown}
 n - a potion of curing {unknown}
 o - a potion of brilliance
 p - a potion of berserk rage {unknown}
 t - a potion of cure mutation {unknown}
 u - a potion of heal wounds {unknown}
 w - a potion of magic {unknown}
 x - a potion of agility {unknown}
Books
 b - a book of Necromancy

   Spells                             Type                      Level
   a - Pain                           Necromancy                   1
   b - Animate Skeleton               Necromancy                   1
   c - Vampiric Draining              Necromancy                   3
   d - Regeneration                   Charms/Necromancy            3
   e - Animate Dead                   Necromancy                   4
   f - Control Undead                 Necromancy                   4
Comestibles
 i - 4 bread rations
 j - a beef jerky


   Skills:
 - Level 2.2 Dodging
 - Level 2.4 Stealth
 + Level 3.0 Spellcasting
 * Level 7.1 Necromancy


You had 6 spell levels left.
You knew the following spells:

 Your Spells              Type           Power        Failure   Level  Hunger
a - Pain                  Necr           ####         2%          1    None
b - Vampiric Draining     Necr           ####......   10%         3    ###....


Dungeon Overview and Level Annotations

Branches:
Dungeon (6/15)             Temple (1/1) D:4

Altars:
Ashenzari
Cheibriados
Dithmenos
Fedhas
Gozag
Kikubaaqudgha
Okawaru
Ru
Trog
Zin

Shops:
D:4 ((

Annotations:
D:3 Wardy's ghost, amateur HOFi
D:6 junkhipster's ghost, novice GrFi


Innate Abilities, Weirdness & Mutations

You are resistant to damage.
You can recharge devices by infusing magical energy.
You passively map a small area around you.
You do not regenerate naturally.


Message History

Casting: Vampiric Draining
Confirm with . or Enter, or press ? or * to list all spells.
Okay, then.
You hit junkhipster's ghost.
Junkhipster's ghost is severely damaged.
Junkhipster's ghost hits you.
You barely miss junkhipster's ghost.
Junkhipster's ghost is severely damaged.
Junkhipster's ghost is lost in a daze. x2
You hit junkhipster's ghost but do no damage.
Junkhipster's ghost is severely damaged.
Junkhipster's ghost hits you!
You hit junkhipster's ghost but do no damage.
Junkhipster's ghost is severely damaged.
Junkhipster's ghost hits you!
* * * LOW HITPOINT WARNING * * *
You hit junkhipster's ghost but do no damage.
Junkhipster's ghost is severely damaged.
Junkhipster's ghost hits you!
You die...

..,*#....>..%.##.#.....,
*, , #.##.##.####.#...#.
#. #.##.# #.#...# # * ,
*#.,.....# #.#...#.# ,
####.#### #.#...#.#* ,
... * #.......# * ..#
*,* ###...###
,#####.#######.# ,
.......@.##.####### *
.##.####W##........ , ,
#g##..###### * #gg...# ,
* ##...## , #...# * * *
##.## * , #.# , ... *


You could see junkhipster's ghost (dazed) and 3 gnolls.

Vanquished Creatures
  A necrophage (D:5)
  A worker ant (D:5)
  5 adders
  2 shadow imps (D:5)
  2 oozes (D:6)
  An adder zombie (D:4)
  An adder skeleton (D:4)
  A dart slug (D:2)
  3 giant geckos
  An orc (D:4)
  A ball python (D:4)
  A giant cockroach (D:1)
  8 goblins
  3 hobgoblins
  8 jackals
  7 kobolds
  3 quokkas
  6 bats
  A giant cockroach zombie (D:5)
  5 giant newts
  6 rats
67 creatures vanquished.

Notes
Turn   | Place    | Note
--------------------------------------------------------------
     0 | D:1      | tyranidshit the Deep Dwarf Necromancer began the quest for the Orb.
     0 | D:1      | Reached XP level 1. HP: 15/15 MP: 3/3
   237 | D:1      | Reached XP level 2. HP: 20/22 MP: 0/4
   644 | D:1      | Reached skill level 5 in Necromancy
  1066 | D:2      | Reached XP level 3. HP: 15/28 MP: 1/6
  1071 | D:2      | Learned a level 3 spell: Vampiric Draining
  1554 | D:3      | Reached XP level 4. HP: 25/36 MP: 0/7
  1581 | D:3      | Noticed Wardy's ghost (amateur HOFi)
  1689 | D:4      | Found a staircase to the Ecumenical Temple.
  1695 | Temple   | Entered the Ecumenical Temple
  1964 | D:4      | Found Hugoev's Antique Weapon Emporium.
  2067 | D:4      | Found Paodoski's Weapon Shop.
  2205 | D:4      | Got a fine ring mail
  2216 | D:4      | Identified the cursed +0 ring mail "Odurikil" {*Confuse rC+ Regen+ Dex+3} (You found it on level 4 of the Dungeon)
  2288 | D:4      | Reached skill level 6 in Necromancy
  2548 | D:4      | Bought a runed quarterstaff for 116 gold pieces
  2624 | D:5      | Entered Level 5 of the Dungeon
  2728 | D:5      | Noticed a necrophage
  2736 | D:5      | Reached XP level 5. HP: 35/42 MP: 0/9
  2762 | D:5      | Killed a necrophage
  2762 | D:5      | Reached skill level 7 in Necromancy
  2830 | D:5      | Found an opulent altar of Gozag.
  2830 | D:5      | Found a glowing silver altar of Zin.
  3116 | D:6      | Noticed junkhipster's ghost (novice GrFi)
  3173 | D:6      | Slain by junkhipster's ghost

Skill      XL: |  1  2  3  4  5 |
---------------+----------------+-----
Spellcasting   | 2 3 |  3.0
Necromancy     | 5 6 7 |  7.1
Dodging        | |  2.2
Stealth        | |  2.4

Action                   |  1- 3 |  4- 6 || total
-------------------------+-------+-------++-------
Melee: Unarmed           |     3 |       ||     3
       Dagger            |    13 |       ||    13
       Short sword       |    16 |   179 ||   195
 Cast: Pain              |    64 |    11 ||    75
       Vampiric Draining |     4 |    14 ||    18
Evoke: Wand              |       |     3 ||     3
  Use: Scroll            |     6 |     6 ||    12
  Eat: Bread ration      |     1 |     1 ||     2
       Pizza             |       |     1 ||     1
Armor: Leather armour    |    14 |     1 ||    15
       Ring mail         |       |    65 ||    65
Dodge: Dodged            |    57 |   103 ||   160
